AoeStats
← dbriscik aka Bor

Arena

507834476Analyzed
1v1 RM · 11d ago on Sep 19, 2026· 32m 53s· 2 players
Game mode
Random Map
Map size
Tiny (2 player)
Population
200
Speed
Normal
Resources
Standard
Victory
Conquest
Starting age
Dark Age
Ending age
Imperial Age
RankedLock teamsTeams togetherTeam positionsShared explorationLock speedFull tech treeHidden civsTurbo modeCheats
Victory
Defeat
🇹🇷 Spanish · Türkiye
908
+16
🇸🇮 Hindustanis · Slovenia
913
-16
Fame
7:14 Loom
9:44 Feudal Age
11:17 Double-Bit Axe
16:01 Castle Age
14:37 Padded Archer Armor
16:33 Stone Mining
18:04 Bow Saw
20:25 Bloodlines
22:14 Fletching
22:39 Gold Mining
26:44 Husbandry
27:33 Wheelbarrow
28:32 Stone Shaft Mining
29:45 Leather Archer Armor
dbriscik aka Bor
0:28 Loom
11:06 Feudal Age
11:34 Town Watch
12:25 Wheelbarrow
23:46 Castle Age
21:54 Stone Mining
22:59 Horse Collar
25:23 Fortified Wall
26:01 Double-Bit Axe
28:04 Stone Shaft Mining
28:54 Forging
29:00 Bow Saw
28:51 Gold Mining
30:13 Fletching
30:28 Scale Mail Armor
33:22 Chain Mail Armor
Connection lost

Rejoining the realm…

Still unreachable

The connection could not be restored.

Session expired

The server has moved on; the page needs a fresh start.